 Dungeon Crawl Stone Soup version 0.16-a0-967-g37ceb3c (webtiles) character file.

136 Deemzul the Insei (level 5, -2/28 HPs)
             Began as a Vine Stalker Monk on Oct 2, 2014.
             Was a Follower of Ru.
             Killed from afar by an orc wizard (7 damage)
             ... with a magic dart
             ... on Level 4 of the Dungeon.
             The game lasted 00:04:53 (2570 turns).

Deemzul the Insei (Vine Stalker Monk)               Turns: 2570, Time: 00:04:53

HP  -2/28        AC  2     Str 14      XL: 5   Next: 19%
MP   0/7         EV 13     Int 10      God: Ru [*.....]
Gold 174         SH  0     Dex 17      Spells:  0 memorised,  4 levels left

rFire  . . .     SeeInvis .       - Unarmed
rCold  . . .     Clarity  .     j - +0 robe
rNeg   . . .     rCorr    .     (no shield)
rPois  .         rRot     +     (no helmet)
rElec  .         Spirit   +     (no cloak)
SustAb .         Warding  .     (no gloves)
rMut   .         Stasis   .     (no boots)
Gourm  .                        (no amulet)
MR     .....                    (no ring)
                                (no ring)

@: no potions, not resistant to hostile enchantments, unstealthy
A: fangs 2, regeneration 1, magic shield, antimagic bite, no device heal 3, rot
immunity, inability to drink while threatened
a: Renounce Religion


You were on level 4 of the Dungeon.
You worshipped Ru.
Ru was aware of your devotion.
You were not hungry.

You visited 1 branch of the dungeon, and saw 4 of its levels.

You collected 174 gold pieces.

Inventory:

Hand weapons
 q - a +1 blowgun
Missiles
 r - 14 poisoned needles
Armour
 j - a +0 robe (worn)
 p - a +0 pair of boots
Comestibles
 b - 2 bread rations
 k - a royal jelly
 n - 5 fruits
 o - 2 meat rations
 s - a chunk of iguana flesh
Scrolls
 a - 2 scrolls of immolation {unknown}
 c - 6 scrolls of identify
 h - 3 scrolls of fog
 i - 3 scrolls of remove curse {unknown}
 l - 2 scrolls of fear {unknown}
 m - 2 scrolls of teleportation
 u - a scroll of noise {unknown}
Potions
 d - 2 potions of might {unknown}
 f - 3 potions of curing {unknown}
 g - a potion of brilliance {unknown}
 t - a potion of cancellation {unknown}
 v - a potion of confusion {unknown}


   Skills:
 + Level 3.5 Fighting
 + Level 3.0 Dodging
 + Level 3.1 Stealth
 + Level 5.0 Unarmed Combat


You had 4 spell levels left.
You didn't know any spells.

Dungeon Overview and Level Annotations

Branches:
Dungeon (4/15)
 Temple: D:4-7

Altars:
Qazlal
Ru
Trog
Zin


Innate Abilities, Weirdness & Mutations

You have extremely sharp teeth.
Your natural rate of healing is unusually fast.
When hurt, damage is shared between your health and your magic reserves.
Your bite disrupts and absorbs the magic of your enemies.
Potions and wands cannot restore your health.
You are immune to rotting.
You cannot drink potions while threatened.


Message History

The magic dart hits you!
You feel threatened and lose the ability to drink potions!
* * * LOW HITPOINT WARNING * * *
Read which item? (? for menu, Esc to quit)
Okay, then.
Unknown command.
Read which item? (? for menu, Esc to quit)
As you read the scroll labeled HEMERPH IR BLA, it crumbles to dust.
It is a scroll of identify.
Identify which item? (\ to view known items) (? for menu, Esc to quit)
m - 2 scrolls of teleportation The orc wizard gestures at you while chanting.
The magic dart hits something.
Something hits you but does no damage.
Read which item? (? for menu, Esc to quit)
As you read the scroll labeled FEANEKK JIUSM, it crumbles to dust.
The scroll dissolves into smoke.
It was a scroll of fog.
You hear some strange, mumbled words.
The magic dart hits you!
You feel threatened and lose the ability to drink potions!
You die...

#.# #.#### #....##
##.###.### #.## ##..#
# ##.# #..# .###
#..## ##..# .....
#.#.###.#.####oS.....
#.##...#..ยงยง@{oo..#
#.###.##..######.##
#.# #.#...# ..#
#.#.... ### #.#.#.#.
#.....#_# ......# ...
... ...< .


You could see an orc wizard and an orc.

Vanquished Creatures
  An iguana (D:3)
  Jessica (D:2)
  2 adders
  A worm (D:3)
  A giant gecko (D:3)
  3 orcs
  9 bats
  3 giant cockroaches
  10 hobgoblins
  13 kobolds
  2 quokkas (D:3)
  A giant newt (D:1)
  6 goblins
  6 rats
59 creatures vanquished.

Vanquished Creatures (others)
  A kobold (D:3)
1 creature vanquished.

Grand Total: 60 creatures vanquished

Notes
Turn   | Place    | Note
--------------------------------------------------------------
     0 | D:1      | Deemzul, the Vine Stalker Monk, began the quest for the Orb.
     0 | D:1      | Reached XP level 1. HP: 11/11 MP: 1/1
   119 | D:1      | Reached XP level 2. HP: 10/16 MP: 0/3
   662 | D:1      | Reached XP level 3. HP: 20/20 MP: 4/4
   824 | D:2      | Noticed Jessica
   829 | D:2      | Killed Jessica
  1007 | D:2      | Found a sacrificial altar of Ru.
  1020 | D:2      | Became a worshipper of Ru the Awakened
  1033 | D:2      | Gained mutation: You cannot drink potions while threatened. [Ru sacrifice]
  1033 | D:2      | Acquired Ru's first power
  1224 | D:2      | Reached XP level 4. HP: 24/24 MP: 5/5
  1248 | D:2      | Found a bloodstained altar of Trog.
  2081 | D:3      | Noticed an angel
  2083 | D:3      | Found a glowing silver altar of Zin.
  2395 | D:3      | Reached skill level 5 in Unarmed Combat
  2395 | D:3      | Reached XP level 5. HP: 22/28 MP: 7/7
  2546 | D:4      | Found a stormy altar of Qazlal.
  2570 | D:4      | Killed from afar by an orc wizard

Action                   |  1- 3 |  4- 6 || total
-------------------------+-------+-------++-------
Melee: Unarmed           |    97 |    88 ||   185
Invok: Sacrifice Drink   |     1 |       ||     1
  Use: Scroll            |       |     3 ||     3
 Stab: Sleeping          |     4 |       ||     4
       Distracted        |       |     1 ||     1
  Eat: Chunk             |     1 |     4 ||     5
